 Dungeon Crawl Stone Soup version 0.28.0-49-g6dfe1f597d (webtiles) character file.

Game seed: 4242262369634755017

13 Spectrina the Ducker (level 2, -2/18 HPs)
             Began as a Deep Elf Monk on May 14, 2022.
             Was the Champion of Ignis.
             Succumbed to a kobold's poison
             ... on level 1 of the Dungeon.
             The game lasted 00:02:18 (259 turns).

Spectrina the Ducker (Deep Elf Monk)                 Turns: 259, Time: 00:02:19

Health: -2/18      AC:  2    Str:  8    XL:     2   Next: 24%
Magic:  4/4        EV: 13    Int: 14    God:    Ignis [******]
Gold:   32         SH:  0    Dex: 17    Spells: 1/1 levels left

rFire   + + .      SeeInvis .   a - +0 spear
rCold   + . .      Faith    .   (no shield)
rNeg    . . .      Spirit   .   b - +0 robe
rPois   +          Reflect  .   (no helmet)
rElec   +          Harm     .   (no cloak)
rCorr   +          Rampage  .   (no gloves)
Will    .....                   (no boots)
Stlth   ++........              (no amulet)
HPRegen 0.06/turn               (no ring)
MPRegen 0.09/turn               (no ring)

@: lethally poisoned (-2 -> -12), resistant
A: no striking features
a: Renounce Religion, Fiery Armour, Foxfire Swarm, Rising Flame


You were on level 1 of the Dungeon.
You worshipped Ignis.
Ignis was exalted by your worship.
You visited 1 branch of the dungeon, and saw 1 of its levels.

You collected 32 gold pieces.

Inventory:

Hand Weapons
 a - a +0 spear (weapon)
Missiles
 d - 5 boomerangs (quivered)
 g - 2 poisoned darts
Armour
 b - a +0 robe (worn)
Scrolls
 e - a scroll of enchant armour {unknown}
 f - a scroll of identify {unknown}


   Skills:
 - Level 2.4 Fighting
 + Level 2.8 Polearms
 - Level 3.6 Dodging
 - Level 2.4 Stealth


You had one spell level left.
You didn't know any spells.
Your spell library was empty.

Dungeon Overview and Level Annotations

Branches:
Dungeon (1/15)

Altars:
Ignis


Message History

You can now rocket upward and away.
Okay, then.
Unknown command.
Press < or > to pray at altars.
Unknown command.
Press < or > to pray at altars.
Press: ? - help, v - describe, . - travel A candlelit altar of Ignis.
A kobold comes into view. It is wielding a +2 dagger of venom.
Reach: a) +0 spear
Press: ? - help, Dir - move target, f - you
Okay, then.
Reach: a) +0 spear
Press: ? - help, Dir - move target, f - kobold
Aim: a kobold, wielding a +2 dagger of venom (about 42% to evade your +0 spear)
You reach to attack!
You closely miss the kobold. You hit the kobold.
The kobold is moderately wounded.
The kobold hits you with a +2 dagger of venom.
You are poisoned.
Unknown command.
It was a potion of heal wounds.
You feel much better.
You feel very sick.
The kobold hits you with a +2 dagger of venom.
You are lethally poisoned!
It was a potion of resistance.
You feel protected.
You feel very sick.
The kobold hits you with a +2 dagger of venom.
You hit the kobold.
The kobold is severely wounded.
* * * LOW HITPOINT WARNING * * *
You feel very sick.
You miss the kobold.
The kobold is severely wounded.
* * * LOW HITPOINT WARNING * * *
You feel sick. The kobold closely misses you.
You hit the kobold.
You kill the kobold!
You die...

... .### #..#........
##..#........#
#..##........#
#..##........######
##..##.............#
#..)#...............
#@............[...
#.................
.#.......⌠≈†.≈⌠⌠≈..
...........≈..P...≈..
#............⌠.####(⌠..
#................_#.≈..
#.....#......≈.####.≈..
#............≈P.....≈..
#............⌠≈PP≈⌠.≈.#


There were no monsters in sight!

Vanquished Creatures
  3 bats (D:1)
  2 endoplasms (D:1)
  A giant cockroach (D:1)
  A goblin (D:1)
  A jackal (D:1)
  A quokka (D:1)
  A kobold (D:1)
  A rat (D:1)
11 creatures vanquished.

Notes
Turn   | Place    | Note
-------+----------+-------------------------------------------
     0 | D:1      | Spectrina the Deep Elf Monk began the quest for the Orb.
     0 | D:1      | Reached XP level 1. HP: 13/13 MP: 3/3
   179 | D:1      | Reached XP level 2. HP: 14/18 MP: 4/4
   237 | D:1      | Found a faded altar of an unknown god.
   241 | D:1      | Prayed at the altar of an unknown god.
   241 | D:1      | Became a worshipper of Ignis, the Dying Flame
   241 | D:1      | Reached ****** piety under Ignis
   259 | D:1      | Succumbed to a kobold's poison

Illustrated notes

Levels and vault maps discovered:
D:1:      dpeg_arrival_brainrot, layout_rooms,
          shapermc_ecumenical_altar_acropolis

Action                   || total
-------------------------++-------
Melee: Spear             ||    38
  Use: Potion            ||     2
 Stab: Sleeping          ||     4
Armor: Robe              ||     5
Dodge: Dodged            ||    26
